 Dungeon Crawl Stone Soup version 0.28-a0-628-g3c9886e45e (webtiles) character file.

Game seed: 9182774231731849986

23 zedzed the Grasshopper (level 2, 0/24 HPs)
             Began as a Palentonga Warper on Oct 8, 2021.
             Succumbed to an adder's poison
             ... on level 1 of the Dungeon.
             The game lasted 00:05:44 (389 turns).

zedzed the Grasshopper (Palentonga Warper)           Turns: 389, Time: 00:05:45

Health: 0/24       AC:  4    Str: 14    XL:     2   Next: 72%
Magic:  5/5        EV:  9    Int: 13    God:
Gold:   43         SH:  0    Dex:  9    Spells: 5/5 levels left

rFire   . . .      SeeInvis +   a - +0 hand axe
rCold   . . .      Faith    .   (no shield)
rNeg    . . .      Spirit   .   b - +0 leather armour
rPois   .          Reflect  .   (no helmet)
rElec   .          Harm     .   (no cloak)
rCorr   .          Rampage  .   (no gloves)
Will    .....                   (no barding)
Stlth   +.........              (no amulet)
HPRegen 0.08/turn               (no ring)
MPRegen 0.09/turn               (no ring)

@: lethally poisoned (0 -> -3)
A: large, rugged brown scales 3, see invisible, deformed body, roll 1, armoured
tail
a: Rolling Charge


You were on level 1 of the Dungeon.
You visited 1 branch of the dungeon, and saw 2 of its levels.

You collected 43 gold pieces.

Inventory:

Hand Weapons
 a - a +0 hand axe (weapon)
Missiles
 d - 3 boomerangs of dispersal (quivered)
Armour
 b - a +0 leather armour (worn)
 g - a +0 buckler
Scrolls
 c - a scroll of blinking
 f - a scroll of enchant weapon


   Skills:
 + Level 2.3 Fighting
 + Level 2.3 Axes
 - Level 0.6 Throwing
 - Level 0.7 Armour
 - Level 1.5 Dodging
 * Level 0.9 Shields
 - Level 2.0 Spellcasting
 - Level 3.2 Translocations


You had 5 spell levels left.
You didn't know any spells.
Your spell library contained the following spells:

 Spells                   Type           Power      Damage    Failure   Level
 Blink                    Tloc           N/A        N/A       13%         2
 Gell's Gravitas          Tloc           4%         N/A       26%         3
 Lesser Beckoning         Tloc           9%         N/A       26%         3
 Teleport Other           Tloc           9%         N/A       26%         3
 Manifold Assault         Tloc           9%         N/A       93%         5


Dungeon Overview and Level Annotations

Branches:
Dungeon (2/15)

Altars:

Shops:
D:1 [


Innate Abilities, Weirdness & Mutations

You are completely covered in rugged brown scales. (AC +3, +7% HP)
You have supernaturally acute eyesight. (SInv)
Armour fits poorly on your strangely shaped body.
You can roll at nearby foes to attack.
You have a long armoured tail.


Message History

The adder bites you.
You are poisoned.
The adder poisons you!
A dart slug comes into view.
You feel sick. The dart slug launches a dart at you. The slug dart misses you.
The adder bites you but does no damage.
You feel sick.
You see here a scroll labelled XUECSOK NITT.
You feel sick.
There is a stone staircase leading up here.
You feel sick. The adder bites you.
You are more poisoned.
The adder poisons you! The dart slug launches a dart at you.
The slug dart hits you.
You climb upwards.
* * * LOW HITPOINT WARNING * * *
You feel very sick.
There is a stone staircase leading down here.
You miss the adder.
The adder is heavily wounded.
* * * LOW HITPOINT WARNING * * *
You feel sick. The adder bites you.
* * * LOW HITPOINT WARNING * * *
The adder bites you.
* * * LOW HITPOINT WARNING * * *
Throw: 4 boomerangs (disperse)
Press: ? - help, Q - select action, (/) - cycle Shift-Dir - straight line, f - adder
Aim: an adder (heavily wounded, 32% to hit)
You throw a boomerang of dispersal.
The boomerang of dispersal hits the adder.
The adder blinks!
You feel a bit more experienced.
* * * LOW HITPOINT WARNING * * *
You feel sick.
Unknown command.
As you read the scroll labelled XUECSOK NITT, it crumbles to dust.
It is a scroll of identify.
f - a scroll of enchant weapon You die...

.........## #.......# ######....#
#..####.# #.........#####...# #.#
..####............# #.#
........>...####..# #.#
.####.#.##..####.[###.#
......#.##....##...##.###########
....###.##.##.##.#..#...........#
....#......##.##@##.............#
..#..............ยง..............#
..###.......#....###............#
#...........###..###............#
...##....^..####...#............#
.............###.#..#.##...######
#####............##.#.#..###
##.......(###.........#.##
#........###...........#


There were no monsters in sight!

Vanquished Creatures
  An adder (D:1)
  A dart slug (D:1)
  A bat (D:1)
  A goblin (D:1)
  3 kobolds
  A quokka (D:1)
  A frilled lizard (D:1)
  3 rats (D:1)
12 creatures vanquished.

Notes
Turn   | Place    | Note
-------+----------+-------------------------------------------
     0 | D:1      | zedzed the Palentonga Warper began the quest for the Orb.
     0 | D:1      | Reached XP level 1. HP: 17/17 MP: 3/3
    42 | D:1      | Found Teumiadd's Armour Shop.
   182 | D:1      | Found a faded altar of an unknown god.
   193 | D:1      | Reached XP level 2. HP: 23/23 MP: 5/5
   388 | D:1      | HP: 1/23 [poisoned by an adder]
   389 | D:1      | Succumbed to an adder's poison

Illustrated notes

Levels and vault maps discovered:
D:1:      dpeg_arrival_tiny_d, layout_rooms, serial_shops, shop,
          hellmonk_ecumenical_altar_crossroads, hangedman_decor_diamond_cutter
D:2:      layout_loops_ring, palyth_stone_intersect

Action                   || total
-------------------------++-------
Melee: Hand axe          ||    26
       Tailslap          ||     4
Throw: Boomerang         ||     2
 Abil: Rolling Charge    ||     9
  Use: Scroll            ||     1
Armor: Leather armour    ||    14
Dodge: Dodged            ||     9

Table legend: (Time is in decaauts)
 A = Elapsed time spent in this place.
 B = Non-inter-level travel time spent in this place.
 C = Inter-level travel time spent in this place.
 D = Time resting spent in this place.
 E = Time spent auto-exploring this place.
 F = Levels seen in this place.
 G = Mean time per level.
                   A        B        C        D        E       F      G
               +--------+--------+--------+--------+--------+-----+--------+
         Total |    395 |    384 |     11 |      0 |    272 |   2 |  197.5 |
       Dungeon |    395 |    384 |     11 |      0 |    272 |   2 |  197.5 |
               +--------+--------+--------+--------+--------+-----+--------+

Top non-repeatable levels by time:
     D:1: 378 daAuts
     D:2: 17 daAuts
